 Seeded DCSS version 0.30.2 (webtiles) character file.

Game seed: 430007637681659361 (custom seed)

124515 McKennaii the Devastator (level 15, -4/102 HPs)
             Began as a Demigod Conjurer on Jan 17, 2024.
             Succumbed to something's dark miasma
             ... on level 4 of the Swamp on Jan 19, 2024.
             The game lasted 01:05:42 (41757 turns).

McKennaii the Devastator (Demigod Conjurer)        Turns: 41757, Time: 01:05:43

Health: -4/102     AC: 24    Str: 23    XL:     15   Next: 92%
Magic:  13/41      EV: 29    Int: 44    God:
Gold:   2064       SH:  6    Dex: 19    Spells: 36/46 levels left

rFire   + + .        e - +3 Elemental Staff {rElec rF+ rC+ AC+3}
rCold   + + +        G - +0 buckler {AC+3}
rNeg    + + .        g - +0 shadow dragon scales "Majy" {rElec Regen+ Str+3 Dex+3 Stlth++++}
rPois   .            d - +0 helmet {Int+3}
rElec   +            I - scarf of Icwealot {rC+ rF+, rElec rN+ Str+2}
rCorr   .            o - +0 pair of gloves
SInv    .            (no boots)
Will    ++...        x - amulet of the acrobat
Stlth   ++           c - ring "Allecuva" {rC+ rN+ Will+ Str+6 Dex+4}
HPRegen 1.17/turn    T - ring of Myshaula {rC++ EV+5 Int+5 Stlth+}
MPRegen 0.27/turn

%: acrobat
@: lethally poisoned (-4 -> -40), marked, acrobatic, slowed, very slow
A: high MP 1, forlorn, divine attributes
a: no special abilities


You were on level 4 of the Swamp.
You visited 3 branches of the dungeon, and saw 24 of its levels.
You also visited: Ossuary.

You collected 2714 gold pieces.
You spent 650 gold pieces at shops.

Inventory:

Hand Weapons
 e - the +3 Elemental Staff (weapon) {rElec rF+ rC+ AC+3}
   (You acquired it on level 2 of the Dungeon)

   It enhances your fire, ice, earth and air magic.
   AC:        It affects your AC (+3).
   rF:        It protects you from fire.
   rC:        It protects you from cold.
   rElec:     It insulates you from electricity.
Missiles
 X - a throwing net
Armour
 d - a +0 helmet of intelligence (worn)
 g - the +0 shadow dragon scales "Majy" (worn) {rElec Regen+ Str+3 Dex+3 Stlth++++}
   (You took it off a skeletal warrior on level 8 of the Dungeon)

   Str:       It affects your strength (+3).
   Dex:       It affects your dexterity (+3).
   rElec:     It insulates you from electricity.
   Regen:     It increases your rate of health regeneration.
   Stlth:     It makes you much more stealthy.
 o - a +0 pair of gloves (worn)
 C - +0 steam dragon scales
 G - a +0 buckler of protection (worn)
 I - the scarf of Icwealot (worn) {rC+ rF+, rElec rN+ Str+2}
   (You acquired it on level 7 of the Dungeon)

   Str:       It affects your strength (+2).
   rElec:     It insulates you from electricity.
   rN:        It protects you from negative energy.
Jewellery
 c - the ring "Allecuva" (left hand) {rC+ rN+ Will+ Str+6 Dex+4}
   (You acquired it on level 2 of the Dungeon)

   [ring of strength]

   Str:       It affects your strength (+6).
   Dex:       It affects your dexterity (+4).
   rC:        It protects you from cold.
   rN:        It protects you from negative energy.
   Will:      It increases your willpower.
 l - a ring of flight
 p - the ring of the Irksome God {Ice rN+ Will+ rCorr Dex-5}
   (You acquired it on level 2 of the Dungeon)

   [ring of ice]

   It enhances your ice magic.
   Dex:       It affects your dexterity (-5).
   rF:        It makes you vulnerable to fire.
   rC:        It protects you from cold.
   rN:        It protects you from negative energy.
   rCorr:     It protects you from acid and corrosion.
   Will:      It increases your willpower.
 x - an amulet of the acrobat (around neck)
 J - a +6 ring of dexterity
 N - a +6 ring of strength
 Q - a ring of resist corrosion
 T - the ring of Myshaula (right hand) {rC++ EV+5 Int+5 Stlth+}
   (You found it on level 15 of the Dungeon)

   [ring of evasion]

   EV:        It affects your evasion (+5).
   Int:       It affects your intelligence (+5).
   rC:        It greatly protects you from cold.
   Stlth:     It makes you more stealthy.
Wands
 q - a wand of flame (94)
 H - a wand of paralysis (43)
 L - a wand of iceblast (14)
 R - a wand of digging (3)
 U - a wand of polymorph (8)
 V - a wand of mindburst (14)
 Z - a wand of light (16)
Scrolls
 h - 3 scrolls of vulnerability
 j - 4 scrolls of enchant weapon
 n - 4 scrolls of fear
 s - 3 scrolls of amnesia
 t - 8 scrolls of blinking
 u - 13 scrolls of teleportation
 y - 3 scrolls of immolation
 A - 3 scrolls of fog
 D - a scroll of silence
 E - 2 scrolls of poison
 M - 5 scrolls of magic mapping
 O - 6 scrolls of brand weapon
 S - a scroll of summoning
 Y - 2 scrolls of enchant armour
Potions
 a - 5 potions of brilliance
 b - 3 potions of magic
 f - 6 potions of ambrosia
 i - 19 potions of curing
 k - 6 potions of mutation
 m - 3 potions of cancellation
 r - 4 potions of attraction
 v - 8 potions of heal wounds
 w - a potion of invisibility
 z - 7 potions of might
 B - a potion of berserk rage
 F - 7 potions of haste
 K - 2 potions of resistance
 P - 4 potions of flight
 W - a potion of lignification


   Skills:
 - Level 1.5 Fighting
 - Level 2.0 Staves
 - Level 10.0 Armour
 - Level 1.7 Dodging
 - Level 1.7 Stealth
 - Level 4.0 Shields
 + Level 16.4 Spellcasting
 + Level 18.2 Conjurations
 - Level 1.1 Translocations
 - Level 1.1 Earth Magic
 - Level 0.8 Evocations


You had 36 spell levels left.
You knew the following spells:

 Your Spells              Type           Power      Damage    Failure   Level
a - Magic Dart            Conj           100%       1d8       0%          1
b - Searing Ray           Conj           100%       2d8       0%          2
c - Iskenderun's Mystic   Conj/Tloc      88%        2d17      1%          4
d - Stone Arrow           Conj/Erth      100%       3d13      1%          3

Your spell library contained the following spells:

 Spells                   Type           Power      Damage    Failure   Level
 Momentum Strike          Conj/Tloc      100%       3d10      1%          2
 Static Discharge         Conj/Air       100%       2-7/arc   1%          2
 Dazzling Flash           Conj/Hex       100%       N/A       1%          3
 Hailstorm                Conj/Ice       100%       3d20      1%          3
 Mephitic Cloud           Conj/Pois/Air  94%        N/A       1%          3
 Fulminant Prism          Conj/Hex       43%        3d19      1%          4
 Apportation              Tloc           92%        N/A       3%          1
 Sandblast                Erth           100%       2d20      3%          1
 Fireball                 Conj/Fire      54%        3d21      3%          5
 Necrotise                Necr           100%       1d9       4%          1
 Slow                     Hex            100%       N/A       4%          1
 Sting                    Tmut/Pois      100%       1d8       4%          1
 Summon Small Mammal      Summ           100%       N/A       4%          1
 Blink                    Tloc           92%        N/A       4%          2
 Lesser Beckoning         Tloc           92%        N/A       4%          2
 Passwall                 Tmut/Erth      48%        N/A       5%          2
 Call Imp                 Summ           72%        N/A       7%          2
 Cigotuvi's Dreadful Rot  Necr/Pois/Air  100%       N/A       7%          2
 Ensorcelled Hibernation  Hex/Ice        100%       N/A       7%          2
 Poisonous Vapours        Pois/Air       100%       N/A       7%          2
 Volatile Blastmotes      Fire/Tloc      100%       2d18      11%         3
 Freezing Cloud           Conj/Ice/Air   58%        6-21      11%         5
 Confusing Touch          Hex            36%        N/A       14%         3
 Swiftness                Air            53%        N/A       14%         3
 Vampiric Draining        Necr           36%        2d8       14%         3
 Iron Shot                Conj/Erth      55%        9d10      14%         6
 Starburst                Conj/Fire      54%        6d15      17%         6
 Petrify                  Tmut/Erth      58%        N/A       36%         4
 Animate Dead             Necr           36%        N/A       43%         4
 Dispel Undead            Necr           36%        3d15      43%         4
 Ice Form                 Ice/Tmut       53%        N/A       43%         4
 Olgreb's Toxic Radiance  Pois           36%        N/A       43%         4
 Lee's Rapid Deconstruct  Erth           31%        3d16*     63%         5
 Borgnjor's Vile Clutch   Necr/Erth      29%        N/A       71%         5
 Summon Forest            Summ/Tloc      20%        N/A       71%         5
 Agony                    Necr           36%        N/A       78%         5
 Alistair's Intoxication  Tmut/Pois      24%        N/A       78%         5
 Metabolic Englaciation   Hex/Ice        26%        N/A       78%         5
 Silence                  Hex/Air        26%        N/A       78%         5
 Statue Form              Tmut/Erth      38%        N/A       99%         6
 Death Channel            Necr           18%        N/A       100%        6
 Eringya's Noxious Bog    Tmut/Pois      18%        N/A       100%        6
 Simulacrum               Ice/Necr       26%        N/A       100%        6
 Haunt                    Necr/Summ      18%        N/A       100%        7
 Summon Hydra             Summ           18%        N/A       100%        7
 Infestation              Necr           18%        N/A       100%        8


Dungeon Overview and Level Annotations

Branches:
Dungeon (15/15)            Temple (0/1) D:4            Lair (5/5) D:8
  Swamp (4/4) Lair:3       Spider (0/4) Lair:2        Slime (0/5) Lair:5
    Orc (0/2) D:11         Vaults (0/5) D:13         Depths (0/4) D:15
Ossuary (visited)

Shops:
D:6 !


Innate Abilities, Weirdness & Mutations

You have an increased reservoir of magic. (+10% MP)
You shall have no god before yourself.
Your divine heritage dramatically boosts your attributes as you level up.


Message History

You are engulfed in freezing vapours.
You resist.
You feel very sick.
A swamp worm comes into view.
You feel very sick. The four-headed hydra bites you.
The four-headed hydra bites you but does no damage.
The four-headed hydra completely misses you.
You block the four-headed hydra's attack.
The four-headed hydra attacks as you move away!
The four-headed hydra bites you but does no damage.
The four-headed hydra barely misses you.
You block the four-headed hydra's attack. x2
You feel sick.
Casting: Stone Arrow (safe; 1% risk of failure)
Confirm with . or Enter, or press ? or * to list all spells.
You erupt in a blast of force!
The mystic blast hits the bog body!!
You destroy the bog body!
The mystic blast hits the four-headed hydra!!
The four-headed hydra is moderately wounded.
The four-headed hydra is knocked back by the mystic blast.
The mystic blast hits the spriggan druid!!
The spriggan druid is severely wounded.
The spriggan druid is knocked back by the mystic blast.
You feel sick.
A swamp worm comes into view.
Unknown command.
Unknown command.
You feel sick. The death drake breathes miasma at you.
The foul vapour misses you.
You enter the shallow water.
Moving in this stuff is going to be slow.
You are engulfed in dark miasma.
You are more poisoned.
You feel yourself slow down.
You feel extremely sick.
You are engulfed in dark miasma.
You are more poisoned.
* * * LOW HITPOINT WARNING * * *
You die...

♣♣ ♣♣♣♣♣♣♣♣♣♣ .♣♣♣♣♣♣♣♣
♣♣♣♣~..♣♣~~~. ~§~.~..~♣♣♣♣
♣.~♣.~~~?~~~~ §~~..~~~~..♣♣♣♣♣
♣♣~..~~~~~~~~. ~~).♣♣♣♣.......♣
♣~~~.~~~~~~... ~.....♣~.~..~~.♣
♣~~~..~~~~~~~.
..~~~§..~~~~~°°♣♣♣♣♣.~~...~~.....
..~~~♣..~~~.♣♣°°♣~§~.~♣♣~....~§..
.~~~~..~~~~~.♣☼°@..~~<..~...~~~~~
~~~~§~~~~~~○.Z~°~~~~~~?~~.~.~~~~~
~~~~~~~~~~~Z♣.°~°~~§~~~~~~♣.~~~~~
~~~~~~~~~~~.♣~.♣♣~..~§~..♣♣♣.~...
.~~~~.~~~~~~♣♣♣♣♣♣.~~~~~.♣ ♣~~~~~
♣.~~~~..~~~~♣ ♣§~~~§~~♣♣♣♣.~~~
...~~~♣w...♣♣ ♣.~~~...~♣ ♣~~~~
..~~.~...♣♣♣ ♣♣~~..♣♣♣♣♣ ♣♣♣♣♣
~.~§..~.♣♣♣♣ ♣♣♣.<♣♣~♣♣ ♣


You could see an alligator zombie and a swamp worm zombie.

Vanquished Creatures
  Gastronok (Lair:2)
  A tengu reaver (D:14)
  A thorn hunter (Swamp:2)
  Kirke (Lair:4)
  3 fenstrider witches
  A dire elephant (D:14)
  7 eleionomae
  Azrael (D:15)
  A bunyip (Swamp:1)
  A fire dragon (Lair:5)
  An ettin (D:14)
  A shambling mangrove (Swamp:1)
  8 vault guards
  12 hydras
  7 ghost crabs
  4 centaur warriors
  8 alligators
  4 boulder beetles
  18 death yaks
  2 tengu warriors
  4 two-headed ogres
  A skyshark (Lair:5)
  Sonja (Lair:1)
  A skeletal warrior (D:8)
  A spectral death yak (Lair:3)
  A goliath frog (Swamp:2)
  5 lindwurms
  3 swamp dragons
  4 bog bodies
  A spectral hydra (Lair:3)
  3 deep elf pyromancers
  13 ugly things
  2 cyclopes
  A necromancer (Lair:3)
  2 wolf spiders
  3 manticores
  A spectral boulder beetle (Lair:3)
  4 elephants (Lair:5)
  3 will-o-the-wisps
  8 black mambas
  Maurice (D:12)
  A guardian serpent (Lair:5)
  4 gargoyles
  12 cane toads
  3 kobold demonologists
  A torpor snail (Lair:2)
  A freezing wraith (D:14)
  7 komodo dragons
  4 rime drakes
  An efreet (D:14)
  A swamp worm zombie (Swamp:4)
  A spectral skyshark (Lair:3)
  A meliai (D:14)
  A tengu conjurer (D:15)
  5 trolls
  4 bloated husks
  A polar bear (Lair:4)
  8 tyrant leeches
  12 hornets
  11 blink frogs
  A spectral elephant (Lair:3)
  Prince Ribbit (D:7)
  A spectral dream sheep (Lair:3)
  10 dream sheep
  15 slime creatures
  A spectral black mamba (Lair:3)
  A water elemental (D:15)
  A culicivora (Lair:2)
  4 shadows
  7 spriggans
  31 yaks
  A fire elemental (D:15)
  10 wyverns
  5 hogs
  5 steam dragons
  2 redbacks (Lair:5)
  10 vampire mosquitoes
  A basilisk (Lair:5)
  Menkaure (D:6)
  9 swamp worms
  21 water moccasins
  6 acid dragons
  Duvessa (D:4)
  3 hell hounds (D:15)
  2 swamp drakes
  An ice beast (D:7)
  2 hornet zombies (Ossuary)
  4 sky beasts
  An ogre (D:5)
  2 orc warriors
  8 centaurs
  A spectral basilisk (Lair:3)
  3 kobold brigands
  Blork the orc (D:6)
  10 bullfrogs
  A scorpion (Lair:1)
  A water moccasin zombie (Ossuary)
  14 wights
  Dowan (D:4)
  4 electric eels
  5 howler monkeys
  3 centaur zombies (Ossuary)
  7 bullfrog zombies (Ossuary)
  5 jellies
  6 orc priests
  4 hounds
  Crazy Yiuf (D:5)
  2 gnoll boudas
  13 mummies (Ossuary)
  Terence (D:2)
  8 iguanas
  3 sleepcaps
  11 orc wizards
  3 polar bear simulacra (Lair:3)
  3 killer bee zombies (Ossuary)
  4 wolf simulacra (Lair:3)
  A yak simulacrum (Lair:3)
  A howler monkey zombie (Ossuary)
  Robin (D:4)
  12 gnolls
  8 adders
  2 white imps
  An ufetubus (D:5)
  3 worms
  4 dart slugs
  31 orcs
  10 endoplasms
  8 giant cockroaches
  15 goblins
  13 hobgoblins
  5 jackals
  5 quokkas
  12 ball pythons
  10 bats
  A frilled lizard (D:1)
  18 kobolds
  5 rats
  3 river rat simulacra (Lair:3)
677 creatures vanquished.

Vanquished Creatures (others)
  A bloated husk (Swamp:3)
  36 foxfires
37 creatures vanquished.

Grand Total: 714 creatures vanquished

Notes
Turn   | Place    | Note
-------+----------+-------------------------------------------
     0 | D:1      | McKennaii the Demigod Conjurer began the quest for the Orb.
     0 | D:1      | Reached XP level 1. HP: 14/14 MP: 5/5
   188 | D:2      | Identified 3 scrolls of acquirement
   188 | D:2      | Acquired a +0 helmet of intelligence
   195 | D:2      | Acquired the +3 Elemental Staff {rElec rF+ rC+ AC+3}
   195 | D:2      | Found the +3 Elemental Staff {rElec rF+ rC+ AC+3}
   198 | D:2      | Acquired the ring "Allecuva" {rC+ rN+ Will+ Str+6 Dex+4}
   283 | D:1      | Reached skill level 4 in Conjurations
   342 | D:1      | Reached XP level 2. HP: 20/20 MP: 5/7
   345 | D:1      | Learned a level 2 spell: Searing Ray
   972 | D:1      | Reached XP level 3. HP: 26/26 MP: 4/8
  1588 | D:2      | Acquired the ring of the Irksome God {Ice rN+ Will+ rCorr
                  | Dex-5}
  1607 | D:2      | Noticed Terence
  1687 | D:2      | Killed Terence
  1688 | D:2      | Reached skill level 5 in Conjurations
  1688 | D:2      | Reached XP level 4. HP: 31/33 MP: 0/10
  2365 | D:3      | Reached XP level 5. HP: 38/38 MP: 6/11
  2370 | D:3      | Learned a level 4 spell: Iskenderun's Mystic Blast
  3354 | D:3      | Learned a level 3 spell: Stone Arrow
  3843 | D:4      | Found a staircase to the Ecumenical Temple.
  3955 | D:4      | Noticed Duvessa
  3958 | D:4      | Noticed Dowan
  3969 | D:4      | Killed Duvessa
  3970 | D:4      | Reached skill level 6 in Conjurations
  3970 | D:4      | Reached XP level 6. HP: 46/46 MP: 2/14
  3974 | D:4      | Killed Dowan
  4341 | D:4      | Noticed Robin
  4344 | D:4      | Killed Robin
  4493 | D:4      | Got the Tome of Luminous Command
  5079 | D:5      | Entered Level 5 of the Dungeon
  5177 | D:5      | Noticed a steam dragon
  5183 | D:5      | Killed a steam dragon
  5184 | D:5      | Reached skill level 1 in Fighting
  5184 | D:5      | Reached skill level 1 in Staves
  5184 | D:5      | Reached XP level 7. HP: 52/52 MP: 8/17
  5448 | D:5      | Reached skill level 5 in Spellcasting
  5642 | D:5      | Noticed a shadow
  5647 | D:5      | Killed a shadow
  5648 | D:5      | Reached skill level 7 in Conjurations
  5708 | D:5      | Reached XP level 8. HP: 49/59 MP: 7/19
  5911 | D:5      | Found a runed translucent door.
  5912 | D:5      | Noticed Crazy Yiuf
  6453 | D:5      | Killed Crazy Yiuf
  6540 | D:6      | Found Ybrut's Distillery.
  6607 | D:6      | Reached skill level 1 in Translocations
  6615 | D:6      | Reached skill level 1 in Earth Magic
  6767 | D:6      | Noticed Blork the orc
  6772 | D:6      | Killed Blork the orc
  6837 | D:6      | Reached skill level 1 in Shields
  6981 | D:6      | Reached skill level 8 in Conjurations
  7220 | D:6      | Noticed Menkaure
  7225 | D:6      | Killed Menkaure
  7698 | D:6      | Reached XP level 9. HP: 64/64 MP: 15/22
  8086 | D:7      | Acquired the scarf of Icwealot {rC+ rF+, rElec rN+ Str+2}
  8088 | D:7      | Noticed Prince Ribbit
  8104 | D:7      | Killed Prince Ribbit
  8415 | D:7      | Reached skill level 1 in Armour
  8937 | D:7      | Reached skill level 9 in Conjurations
  9103 | D:7      | Upgraded the game from 0.30.1-11-g7821555f0a to 0.30.2
  9160 | D:8      | Found a sand-covered staircase.
  9165 | Ossuary  | Entered an ossuary
  9935 | Ossuary  | Reached XP level 10. HP: 69/72 MP: 10/25
 10214 | D:8      | Acquired 837 gold pieces
 10727 | D:8      | Noticed a death yak
 10727 | D:8      | Noticed a death yak
 10728 | D:8      | Noticed a death yak
 10861 | D:8      | Killed a death yak
 10862 | D:8      | Reached skill level 10 in Conjurations
 10998 | D:8      | Killed a death yak
 11122 | D:8      | Found a staircase to the Lair.
 11122 | D:8      | Noticed a death yak
 11331 | D:8      | Killed a death yak
 11546 | D:8      | Noticed a death yak
 11568 | D:8      | Killed a death yak
 11702 | D:8      | Killed a death yak
 11703 | D:8      | Reached skill level 11 in Conjurations
 12086 | D:8      | Reached XP level 11. HP: 78/78 MP: 15/28
 12377 | D:8      | Noticed a centaur warrior
 12383 | D:8      | Killed a centaur warrior
 13141 | D:8      | Identified the +0 shadow dragon scales "Majy" {rElec Regen+
                  | Str+3 Dex+3 Stlth++++}
 13141 | D:8      | Noticed a skeletal warrior
 13166 | D:8      | Killed a skeletal warrior
 13167 | D:8      | Reached skill level 10 in Spellcasting
 13631 | D:8      | Got the Incunable of the Coarse Evil Eye
 13634 | D:8      | Got the Almanac of Doom and the Volley
 14761 | D:10     | Entered Level 10 of the Dungeon
 14884 | D:10     | Reached skill level 5 in Armour
 14893 | D:10     | Reached skill level 12 in Conjurations
 14895 | D:10     | Noticed a two-headed ogre
 14909 | D:10     | Killed a two-headed ogre
 15127 | D:9      | Noticed a two-headed ogre
 15137 | D:9      | Noticed a deep elf pyromancer
 15143 | D:9      | Killed a two-headed ogre
 15147 | D:9      | Killed a deep elf pyromancer
 15438 | D:9      | Noticed a two-headed ogre
 15444 | D:9      | Killed a two-headed ogre
 15564 | D:9      | Identified the +0 long sword of Nab Jim {flame, Str+2
                  | Int+3}
 16068 | D:11     | Reached XP level 12. HP: 84/84 MP: 6/31
 16256 | D:11     | Noticed a boulder beetle
 16295 | D:11     | Killed a boulder beetle
 16452 | D:11     | Found a staircase to the Orcish Mines.
 16586 | D:11     | Identified the +5 great mace "Spiderslayer" {venom, rPois
                  | Str+2}
 17231 | D:12     | Noticed Maurice
 17240 | D:12     | Killed Maurice
 18206 | D:13     | Noticed a centaur warrior
 18212 | D:13     | Killed a centaur warrior
 18213 | D:13     | Reached skill level 13 in Conjurations
 18213 | D:13     | Noticed a boulder beetle
 18536 | D:13     | Killed a boulder beetle
 19736 | D:13     | Found a gate to the Vaults.
 19736 | D:13     | Noticed a vault guard
 19736 | D:13     | Noticed a vault guard
 19736 | D:13     | Noticed a vault guard
 19736 | D:13     | Noticed a vault guard
 19736 | D:13     | Noticed a vault guard
 19788 | D:13     | Killed a vault guard
 20016 | D:12     | Killed a vault guard
 20252 | D:13     | Identified the +0 cloak of the Volcano {rElec Dex+4 Slay-3}
 20383 | D:13     | Killed a vault guard
 20549 | D:13     | Noticed a vault guard
 20570 | D:13     | Killed a vault guard
 20688 | D:13     | Killed a vault guard
 20809 | D:13     | Killed a vault guard
 20810 | D:13     | Reached XP level 13. HP: 90/90 MP: 2/34
 21886 | D:14     | Reached skill level 14 in Conjurations
 22905 | D:14     | Noticed a tengu reaver
 22994 | D:14     | Killed a tengu reaver
 23350 | D:15     | Entered Level 15 of the Dungeon
 23618 | D:15     | Noticed a dire elephant
 23797 | D:15     | Noticed Azrael
 24257 | D:14     | Killed a dire elephant
 24442 | D:15     | Killed Azrael
 24592 | D:15     | Found a staircase to the Depths.
 24751 | D:15     | Identified the ring of Myshaula {rC++ EV+5 Int+5 Stlth+}
 25454 | Lair:1   | Entered Level 1 of the Lair of Beasts
 25524 | Lair:1   | You fall into a shaft and drop 1 floor!
 25543 | Lair:2   | Reached skill level 10 in Armour
 26288 | Lair:1   | Noticed Sonja
 26290 | Lair:1   | Killed Sonja
 26660 | Lair:2   | Noticed Gastronok
 26672 | Lair:2   | Killed Gastronok
 27398 | Lair:2   | Reached skill level 15 in Conjurations
 27551 | Lair:2   | Reached XP level 14. HP: 92/96 MP: 26/36
 27757 | Lair:2   | Found a hole to the Spider Nest.
 28306 | Lair:3   | Identified the +8 rapier of the Riding Pariah {flame,
                  | Fragile Str+5 Dex+2}
 28426 | Lair:3   | Identified the +1 leather armour "Fuodghelu" {Rampage Str-5
                  | Dex+7}
 29683 | Lair:3   | Found a staircase to the Swamp.
 30939 | Lair:4   | Noticed Kirke
 31342 | Lair:4   | Killed Kirke
 32007 | Lair:5   | Entered Level 5 of the Lair of Beasts
 32120 | Lair:5   | Reached skill level 16 in Conjurations
 32721 | Lair:5   | Identified the +0 leather armour of Tuem {Dex+7}
 32837 | Lair:5   | Found a staircase to the Slime Pits.
 33676 | Lair:5   | Identified the -1 kite shield of Geyro {rC+}
 34218 | Lair:5   | Paralysed by a hornet for 2 turns
 34655 | Lair:5   | Reached skill level 15 in Spellcasting
 34882 | Lair:5   | Reached XP level 15. HP: 102/102 MP: 27/39
 36191 | D:6      | Bought a potion of haste for 130 gold pieces
 36191 | D:6      | Bought a potion of curing for 39 gold pieces
 36191 | D:6      | Bought a potion of heal wounds for 65 gold pieces
 36191 | D:6      | Bought a potion of heal wounds for 65 gold pieces
 36191 | D:6      | Bought 2 potions of haste for 260 gold pieces
 36191 | D:6      | Bought a potion of curing for 39 gold pieces
 36191 | D:6      | Bought a potion of brilliance for 52 gold pieces
 36377 | Swamp:1  | Entered Level 1 of the Swamp
 36471 | Swamp:1  | Reached skill level 17 in Conjurations
 36677 | Swamp:1  | Noticed a fenstrider witch
 36691 | Swamp:1  | Killed a fenstrider witch
 38154 | Swamp:2  | Noticed a thorn hunter
 38167 | Swamp:2  | Killed a thorn hunter
 39608 | Swamp:3  | Noticed a fenstrider witch
 39712 | Swamp:3  | Killed a fenstrider witch
 40862 | Swamp:3  | Reached skill level 18 in Conjurations
 41013 | Swamp:4  | Entered Level 4 of the Swamp
 41013 | Swamp:4  | Noticed a fenstrider witch
 41367 | Swamp:4  | Killed a fenstrider witch
 41757 | Swamp:4  | Succumbed to something's dark miasma

Illustrated notes

Levels and vault maps discovered:
D:1:      wander_arrival_chamber, layout_basic, kennysheep_boxes
D:2:      layout_rooms, dilly_ecumenical_altar_fadedgnrine, basic_altar,
          uniq_terence
D:3:      layout_basic, mainiacjoe_overflow_swirl, jmf_multi_god_temple,
          minmay_puff
D:4:      layout_loops_corners, minmay_temple_entry_junction_2,
          minmay_joined_circles, uniq_robin, uniq_duvessa
D:5:      layout_layer_cave, uniq_crazy_yiuf_cottage
D:6:      layout_rooms, mainiacjoe_overflow_catwalk, serial_shops,
          nicolae_shop_statue_plus, serial_park_tiny_1, uniq_blork_the_orc,
          uniq_menkaure
D:7:      layout_loops_cross, mainiacjoe_overflow_surrounded_room,
          mainiacjoe_overflow_alcove_4, uniq_prince_ribbit1
D:8:      minmay_the_grid_triangle_9x9_rhombus_full
          [minmay_the_grid_triangle_9x9_zippers_horizontal,
          minmay_the_grid_triangle_9x9_descending_squares,
          minmay_the_grid_triangle_9x9_wacky_v,
          minmay_the_grid_triangle_9x9_corruption,
          minmay_the_grid_triangle_9x9_negative_grid,
          minmay_the_grid_triangle_9x9_zippers_vertical,
          minmay_the_grid_triangle_9x9_limited_checkers,
          minmay_the_grid_triangle_9x9_prize_insulated], layout_loops_corners,
          dpeg_lair_monsters, enter_ossuary_2
D:9:      cheibrodos_elevator_heist, layout_basic
D:10:     layout_roguey, mainiacjoe_overflow_alcove_1,
          mainiacjoe_overflow_24_doors, dreamdust_gnoll_shepherd
D:11:     layout_long_grid, orc_david_3
D:12:     layout_irregular_city, uniq_maurice
D:13:     layout_long_grid, erik_vaults_2
D:14:     layout_loops_cross, evilmike_ruin_ashenzari, hangedman_corner_corridor
D:15:     hangedman_depths_entry_try_elsewhere_first, layout_loops_ring,
          minivault_14, uniq_azrael
Lair:1:   layout_regular_city, serial_bayou_shore_a, grunt_megastairs_3,
          lemuel_fruit_tree, uniq_sonja
Lair:2:   layout_layer_cave, spider_nest_entry_rubble, minmay_lindwurm_lava,
          uniq_gastronok
Lair:3:   layout_cave_pods, nicolae_swamp_entry_spooky, fungi_pond_lemuel,
          eino_house_with_fridge
Lair:4:   layout_cave_pods, grunt_forest_stairs_basic,
          nicolae_quartered_pool_medium, uniq_kirke
Lair:5:   hangedman_lair_tendril_chambers, layout_gridlike,
          guppyfry_lair_end_dragon, nicolae_slime_entry_slimehenge,
          serial_bayou_lagoon_b
Swamp:1:  layout_basic_swamp, lemuel_altar_in_water
Swamp:2:  layout_falls_marsh, nicolae_swamp_rocky_clearing
Swamp:3:  layout_basic_swamp, evilmike_swamp_ruin_rubble_1
Swamp:4:  swamp_pestilence, layout_basic_swamp

Skill      XL: |  1  2  3  4  5  6  7  8  9 10 11 12 13 14 15 |
---------------+----------------------------------------------+-----
Conjurations   | 4 5 6 7 8 9 11 12 13 15 16 18 | 18.2
Spellcasting   | 2 3 4 5 6 7 9 10 12 13 15 16 | 16.4
Fighting       | 1 |  1.5
Staves         | 1 2 |  2.0
Translocations | 1 |  1.1
Earth Magic    | 1 |  1.1
Shields        | 2 4 |  4.0
Armour         | 3 4 6 8 10 | 10.0
Dodging        | |  1.7
Stealth        | |  1.7
Evocations     | |  0.8

Action                     |  1- 3 |  4- 6 |  7- 9 | 10-12 | 13-15 || total
---------------------------+-------+-------+-------+-------+-------++-------
  Melee: Staff             |     4 |    30 |    68 |    37 |    33 ||   172
   Cast: Magic Dart        |    80 |   154 |    81 |       |       ||   315
         Searing Ray       |     2 |    13 |    22 |     6 |     8 ||    51
         Stone Arrow       |       |       |   101 |   345 |   761 ||  1207
         Iskenderun's Myst |       |       |     4 |    70 |   222 ||   296
  Evoke: Wand              |       |     2 |       |     3 |    14 ||    19
    Use: Scroll            |     4 |       |    11 |    11 |    13 ||    39
         Potion            |       |       |       |       |     5 ||     5
 Armour: Robe              |     5 |    17 |       |       |       ||    22
         Steam dragon scal |       |       |    44 |    22 |       ||    66
         Shadow dragon sca |       |       |       |    67 |   327 ||   394
  Dodge: Dodged            |     5 |    59 |   107 |   116 |   399 ||   686
  Block: Buckler           |       |       |    31 |    42 |   168 ||   241
